 Dungeon Crawl Stone Soup version 0.30-a0-162-g2ba88f6271 (webtiles) character file.

Game seed: 15721868427642576393

187 Draeca the Gusty (level 5, -3/39 HPs)
             Began as a Demigod Air Elementalist on Sept 28, 2022.
             Slain by a water moccasin (7 damage)
             ... on level 4 of the Dungeon.
             The game lasted 01:16:49 (3923 turns).

Draeca the Gusty (Demigod Air Elementalist)         Turns: 3923, Time: 01:16:50

Health: -3/39      AC:  6    Str:  9    XL:     5   Next: 15%
Magic:  10/12      EV: 10    Int: 21    God:
Gold:   234        SH:  5    Dex: 14    Spells: 8/9 levels left

rFire   . . .      SeeInvis .    f - staff of air
rCold   . . .      Faith    .    (no shield)
rNeg    . . .      Spirit   .    d - +0 ring mail
rPois   .          Reflect  +    p - +0 helmet
rElec   +          Harm     .    (no cloak)
rCorr   .          Rampage  .    (no gloves)
Will    +....                    (no boots)
Stlth   +.........               h - amulet of reflection
HPRegen 0.13/turn                k - ring of willpower
MPRegen 0.13/turn                (no ring)

@: no status effects
A: high MP 1, forlorn, divine attributes
a: no special abilities


You were on level 4 of the Dungeon.
You visited 1 branch of the dungeon, and saw 4 of its levels.

You collected 234 gold pieces.

Inventory:

Hand Weapons
 i - a +0 war axe
 m - a +0 club
 q - a +0 sling
 t - a +0 club
 u - a +0 club
 w - a +0 club
 y - a +0 spear
 C - a +4 dagger
 D - a +0 short sword
 F - a +0 whip
Missiles
 c - 67 stones
 e - 5 javelins (quivered)
Armour
 a - a +0 robe
 d - a +0 ring mail (worn)
 j - a +0 leather armour
 n - a +0 barding
 p - a +0 helmet (worn)
 r - a +0 scale mail
 B - a +0 ring mail
Magical Staves
 f - a staff of air (weapon)
 g - a staff of conjuration
 I - a staff of death
Jewellery
 h - an amulet of reflection (around neck)
 k - a ring of willpower (left hand)
Wands
 J - a wand of paralysis (9)
Scrolls
 l - a scroll of enchant armour
 A - a scroll of amnesia {unknown}
 G - a scroll of vulnerability {unknown}
 K - a scroll of identify
Potions
 b - a potion of magic
 o - 2 potions of attraction
 s - 4 potions of curing
 v - 2 potions of ambrosia
 z - 2 potions of might {unknown}
 E - a potion of mutation {unknown}
 H - a potion of flight {unknown}


   Skills:
 + Level 0.3 Fighting
 - Level 0.8 Short Blades
 - Level 0.4 Axes
 * Level 1.0 Staves
 + Level 1.1 Armour
 + Level 2.1 Dodging
 - Level 2.0 Stealth
 - Level 0.6 Shields
 * Level 2.8 Spellcasting
 + Level 1.5 Conjurations
 + Level 3.5 Air Magic


You had 8 spell levels left.
You knew the following spells:

 Your Spells              Type           Power      Damage    Failure   Level
a - Shock                 Conj/Air       80%        1d8       14%         1

Your spell library contained the following spells:

 Spells                   Type           Power      Damage    Failure   Level
 Static Discharge         Conj/Air       40%        2-4/arc   21%         2
 Swiftness                Air            26%        N/A       26%         3
 Apportation              Tloc           4%         N/A       36%         1
 Necrotise                Necr           8%         1d4       36%         1
 Sandblast                Erth           4%         2d4       36%         1
 Summon Small Mammal      Summ           8%         N/A       36%         1
 Passwall                 Tmut/Erth      1%         N/A       50%         2
 Stone Arrow              Conj/Erth      12%        3d7       63%         3
 Airstrike                Air            13%        2d(2-18)  65%         4
 Summon Guardian Golem    Hex/Summ       2%         N/A       75%         3
 Orb of Destruction       Conj           4%         9d5       100%        7
 Spellforged Servitor     Conj/Summ      3%         N/A       100%        7


Dungeon Overview and Level Annotations

Branches:
Dungeon (4/15)
 Temple: D:4-7


Innate Abilities, Weirdness & Mutations

You have an increased reservoir of magic. (+10% MP)
You shall have no god before yourself.
Your divine heritage dramatically boosts your attributes as you level up.


Message History

Press: ? - help, Shift-Dir - straight line, f/p - water moccasin
Aim: a water moccasin (lightly wounded, 53% to hit)
You feel a surge of power!
The zap hits the water moccasin.
The water moccasin is moderately wounded.
The water moccasin bites you!
Casting: Shock (safe; 14% risk of failure)
Confirm with . or Enter, or press ? or * to list all spells.
Aiming: Shock (safe; 14% risk of failure)
Press: ? - help, Shift-Dir - straight line, f/p - water moccasin
Aim: a water moccasin (moderately wounded, 53% to hit)
You feel a surge of power!
The zap misses the water moccasin.
The water moccasin bites you.
The air fills with toxic fumes!
As you read the scroll labelled TOAWIS RODOU, it crumbles to dust.
It was a scroll of poison.
The water moccasin bites you.
* * * LOW HITPOINT WARNING * * *
The water moccasin bites you.
* * * LOW HITPOINT WARNING * * *
Casting: Shock (safe; 14% risk of failure)
Confirm with . or Enter, or press ? or * to list all spells.
Aiming: Shock (safe; 14% risk of failure)
Press: ? - help, Shift-Dir - straight line, f/p - water moccasin
Aim: a water moccasin (moderately wounded, 53% to hit)
You feel a surge of power!
The zap misses the water moccasin.
The water moccasin closely misses you.
You closely miss the water moccasin.
The water moccasin is moderately wounded.
The water moccasin closely misses you. x2
You closely miss the water moccasin.
The water moccasin is moderately wounded.
The water moccasin completely misses you.
You barely miss the water moccasin.
The water moccasin is moderately wounded.
The water moccasin bites you.
* * * LOW HITPOINT WARNING * * *
You block the water moccasin's attack.
You hit the water moccasin but do no damage.
The water moccasin is moderately wounded.
You block the water moccasin's attack. The water moccasin bites you!
You die...

#....######............##
#§§§§##☼§######..........
#§§§§§§§§##..##....##...)
##§§☼☼§§☼§...########....
#☼☼§§§§§§....'....#.....
#§§§§§§§§##..##....#...##
#☼§§§§§§§##### ...##..##
#§§§☼§☼§☼§# . #..#.
#§§§☼§§§@§# ...#.
##§§§##§S§# ....#. ####
#§☼## ### ##
....##§§######. ########
.....§§§§...... #.......
....§☼§§§...... #.......
....##§§##..### ########
#... #☼§# ..# ##########
#.. #... ...#)........


You could see a water moccasin.

Vanquished Creatures
  A hound (D:4)
  2 orc wizards (D:2)
  4 adders
  An ufetubus (D:3)
  3 worms
  2 dart slugs (D:1)
  8 orcs
  2 ball pythons
  3 endoplasms
  4 hobgoblins
  3 jackals (D:3)
  2 kobolds (D:2)
  3 quokkas
  4 bats
  5 goblins
  A rat (D:1)
48 creatures vanquished.

Notes
Turn   | Place    | Note
-------+----------+-------------------------------------------
     0 | D:1      | Draeca the Demigod Air Elementalist began the quest for the
                  | Orb.
     0 | D:1      | Reached XP level 1. HP: 14/14 MP: 5/5
   203 | D:1      | Reached skill level 1 in Conjurations
  1286 | D:2      | Reached XP level 2. HP: 20/20 MP: 4/7
  1327 | D:2      | Reached skill level 3 in Air Magic
  1461 | D:2      | Reached XP level 3. HP: 26/26 MP: 5/8
  2265 | D:3      | Reached XP level 4. HP: 16/33 MP: 6/10
  2598 | D:3      | Identified a scroll of acquirement
  2598 | D:3      | Acquired a staff of air
  3306 | D:3      | Reached skill level 1 in Armour
  3375 | D:4      | Noticed a water moccasin
  3808 | D:4      | Reached skill level 1 in Staves
  3808 | D:4      | Reached XP level 5. HP: 20/38 MP: 5/12
  3923 | D:4      | Slain by a water moccasin

Illustrated notes

Levels and vault maps discovered:
D:1:      spicycebolla_green_bress_n_ham, layout_basic, minmay_misc_feat_doors
D:2:      layout_basic
D:3:      layout_loops_cross, fiery_altar_vehumet
D:4:      layout_gridville, mainiacjoe_overflow_catwalk, gammafunk_ghost_smash

Skill      XL: |  1  2  3  4 |
---------------+-------------+-----
Conjurations   | 1 |  1.5
Stealth        | 2 |  2.0
Spellcasting   | 2 |  2.8
Air Magic      | 3 |  3.5
Dodging        | 2 |  2.1
Armour         | 1 |  1.1
Staves         | 1 |  1.0
Fighting       | |  0.3
Short Blades   | |  0.8
Axes           | |  0.4
Shields        | |  0.6

Action                   |  1- 3 |  4- 6 || total
-------------------------+-------+-------++-------
Melee: War axe           |    15 |       ||    15
       Dagger            |    29 |     1 ||    30
       Staff             |       |    82 ||    82
       Punch             |       |     1 ||     1
Throw: Javelin           |       |     1 ||     1
 Cast: Shock             |    42 |    39 ||    81
  Use: Scroll            |     2 |    12 ||    14
       Potion            |       |     1 ||     1
Armor: Leather armour    |     4 |       ||     4
       Robe              |     1 |       ||     1
       Ring mail         |    23 |    28 ||    51
       Scale mail        |       |     7 ||     7
Dodge: Dodged            |    19 |    47 ||    66
Block: Other             |    15 |    30 ||    45
       Reflection        |     1 |       ||     1

Table legend: (Time is in decaauts)
 A = Elapsed time spent in this place.
 B = Non-inter-level travel time spent in this place.
 C = Inter-level travel time spent in this place.
 D = Time resting spent in this place.
 E = Time spent auto-exploring this place.
 F = Levels seen in this place.
 G = Mean time per level.
                   A        B        C        D        E       F      G
               +--------+--------+--------+--------+--------+-----+--------+
         Total |   3948 |   3943 |      5 |      0 |     96 |   4 |  987.0 |
       Dungeon |   3948 |   3943 |      5 |      0 |     96 |   4 |  987.0 |
               +--------+--------+--------+--------+--------+-----+--------+

Top non-repeatable levels by time:
     D:1: 1266 daAuts
     D:3: 1183 daAuts
     D:2: 1096 daAuts
     D:4: 402 daAuts
